 Dungeon Sprint DCSS version 0.30.1-4-g462c640d31 (webtiles) character file.

Game seed: 10620671111897046738

947 Heoruswealwe the Cleaver (level 8, -4/82 HPs)
             Began as a Hill Orc Fighter on Aug 18, 2023.
             Was an Initiate of Qazlal.
             Slain by a sun demon (11 damage)
             ... summoned by a kobold demonologist
             ... in the Dungeon (Sprint I: "Red Sonja").
             The game lasted 00:10:44 (394 turns).

Heoruswealwe the Cleaver (Hill Orc Fighter)          Turns: 394, Time: 00:10:44

Health: -4/82      AC: 11    Str: 21    XL:     8   Next: 13%
Magic:  8/8        EV:  8    Int:  8    God:    Qazlal [......]
Gold:   474        SH:  6    Dex: 10    Spells: 7/7 levels left

rFire   . . .        a - +0 war axe
rCold   . . .        c - +0 buckler
rNeg    . . .        l - +0 chain mail
rPois   .            (no helmet)
rElec   .            (no cloak)
rCorr   .            (no gloves)
SInv    .            (no boots)
Will    +....        (no amulet) Stlth
                     d - ring of willpower
HPRegen 0.33/turn    (no ring)
MPRegen 0.11/turn

%: no teleportation
@: no status effects
A: no striking features
a: Renounce Religion


You were in the Dungeon.
You worshipped Qazlal.
Qazlal was noncommittal.
You visited 1 branch You collected 474 gold pieces.

Inventory:

Hand Weapons
 a - a +0 war axe (weapon)
Armour
 c - a +0 buckler (worn)
 l - a +0 chain mail (worn)
Jewellery
 d - a ring of willpower (left hand)
Wands
 k - a wand of digging (3)
Scrolls
 b - a scroll of fear {unknown}
 j - a scroll of blinking
Potions
 h - 2 potions of magic


   Skills:
 + Level 11.0 Fighting
 + Level 11.6 Axes
 + Level 10.1 Armour
 + Level 10.1 Shields


You had 7 spell levels left.
You didn't know any spells.
Your spell library was empty.

Dungeon Overview and Level Annotations

Branches:
Dungeon (1/1)

Altars:
Cheibriados
Dithmenos
Elyvilon
Fedhas
Gozag
Hepliaklqana
Kikubaaqudgha
Makhleb
Nemelex Xobeh
Okawaru
Qazlal
Ru
Sif Muna
Trog
Uskayaw
Vehumet
Wu Jian
Xom
Yredelemnul
Zin
The Shining One
Jiyva
Lugonu

Shops:
D :


Message History

You have reached level 8!
You miss the quasit.
The quasit is severely wounded.
You hit the sun demon but do no damage.
The quasit bites you but does no damage.
The quasit claws you but does no damage. x2
The sun demon hits you!
You are engulfed in flames!
* * * LOW HITPOINT WARNING * * *
The kobold demonologist mumbles some strange words.
You feel much better. The sun demon hits you.
You are engulfed in flames!
You barely miss the ynoxinul. You hit the sun demon.
The sun demon hits you but does no damage.
The kobold demonologist looks encouraged for a moment.
You block the sun demon's attack.
You closely miss the ynoxinul. You hit the sun demon.
The ynoxinul barely misses you. You block the sun demon's attack.
You hit the ynoxinul.
The ynoxinul is lightly wounded.
You hit the sun demon but do no damage. The ynoxinul closely misses you.
The sun demon barely misses you.
You slash the ynoxinul!
The ynoxinul is heavily wounded.
You barely miss the sun demon. The ynoxinul hits you!
* * * LOW HITPOINT WARNING * * *
The sun demon hits you.
* * * LOW HITPOINT WARNING * * *
You are engulfed in flames!
* * * LOW HITPOINT WARNING * * *
You feel better.
The sun demon hits you but does no damage.
You hit the ice devil but do no damage. You miss the sun demon.
You block the sun demon's attack.
You barely miss the ice devil. You barely miss the sun demon.
You block the sun demon's attack. The ice devil barely misses you.
You slash the ice devil!
The ice devil is moderately wounded.
You hit the sun demon but do no damage. The sun demon hits you!
* * * LOW HITPOINT WARNING * * *
You are engulfed in flames!
You die...

#####################
.)..#..'..#__#..@335#
.#..').#..'..'..#455#
###'#####'#__####K55+
##..#...#.#### ####
_####..##.#
____##'#_.+
.∩...'..._#
..__##_.#'#
____###+#.#


You could see a sun demon (summoned), an ice devil (summoned), a kobold
demonologist, a ynoxinul (summoned), a quasit (summoned), a shadow imp
(summoned) and 3 ufetubi.

Vanquished Creatures
  A kobold demonologist (D)
  Sigmund (D)
  A slime creature (D)
  A yak (D)
  A floating eye (D)
  An ogre (D)
  A jelly (D)
  Ijyb (D)
8 creatures vanquished.

Notes
Turn   | Place    | Note
-------+----------+-------------------------------------------
     0 | D        | Heoruswealwe the Hill Orc Fighter began the quest for the
                  | Orb.
     0 | D        | Reached XP level 1. HP: 19/19 MP: 1/1
     1 | D        | Noticed Ijyb
    18 | D        | Killed Ijyb
    19 | D        | Reached skill level 5 in Fighting
    19 | D        | Reached XP level 2. HP: 16/29 MP: 2/2
    19 | D        | Reached XP level 3. HP: 20/36 MP: 3/3
    82 | D        | Noticed an ogre
    86 | D        | Killed an ogre
    87 | D        | Reached XP level 4. HP: 35/45 MP: 4/4
    90 | D        | Noticed Sigmund
    95 | D        | Killed Sigmund
    96 | D        | Reached XP level 5. HP: 30/53 MP: 5/5
    96 | D        | Reached XP level 6. HP: 35/61 MP: 6/6
   123 | D        | Found a burning altar of Makhleb.
   123 | D        | Found a viscous altar of Jiyva.
   123 | D        | Found a shimmering altar of Xom.
   123 | D        | Found a corrupted altar of Lugonu.
   123 | D        | Noticed a slime creature
   129 | D        | Killed a slime creature
   257 | D        | Found an ornate altar of the Wu Jian Council.
   257 | D        | Found a shimmering blue altar of Sif Muna.
   259 | D        | Found a radiant altar of Vehumet.
   265 | D        | Reached XP level 7. HP: 64/70 MP: 7/7
   296 | D        | Found Fomejiggo's Book Emporium.
   296 | D        | Found an ancient bone altar of Kikubaaqudgha.
   296 | D        | Found a hazy altar of Hepliaklqana.
   296 | D        | Found a stormy altar of Qazlal.
   296 | D        | Found a hide-covered altar of Uskayaw.
   296 | D        | Found a blossoming altar of Fedhas.
   296 | D        | Found a bloodstained altar of Trog.
   296 | D        | Found an iron altar of Okawaru.
   296 | D        | Found a basalt altar of Yredelemnul.
   296 | D        | Found a glowing golden altar of the Shining One.
   296 | D        | Found a snail-covered altar of Cheibriados.
   296 | D        | Found a sacrificial altar of Ru.
   296 | D        | Found a glowing silver altar of Zin.
   296 | D        | Found a shadowy altar of Dithmenos.
   296 | D        | Found a white marble altar of Elyvilon.
   296 | D        | Noticed a yak
   304 | D        | Killed a yak
   305 | D        | Reached skill level 10 in Fighting
   305 | D        | Reached skill level 10 in Axes
   305 | D        | Found an opulent altar of Gozag.
   306 | D        | Found a sparkling altar of Nemelex Xobeh.
   321 | D        | Became a worshipper of Qazlal Stormbringer
   369 | D        | Noticed a kobold demonologist
   369 | D        | Noticed a kobold demonologist
   370 | D        | Noticed a neqoxec
   376 | D        | Noticed a ynoxinul
   377 | D        | Noticed a sun demon
   384 | D        | Killed a kobold demonologist
   385 | D        | Reached skill level 10 in Armour
   385 | D        | Reached skill level 10 in Shields
   385 | D        | Reached XP level 8. HP: 48/82 MP: 8/8
   386 | D        | Noticed an ice devil
   394 | D        | Slain by a sun demon

Illustrated notes

Levels and vault maps discovered:
D:        dungeon_sprint_1 [red_sonja_temple_1, red_sonja_temple_small_1]

Skill      XL: |  1  2  3  4  5  6  7 |
---------------+----------------------+-----
Fighting       | 5 6 8 9 11 | 11.0
Axes           | 4 6 8 9 11 | 11.6
Armour         | 4 6 7 8 10 | 10.1
Shields        | 4 6 7 8 10 | 10.1

Action                     |  1- 3 |  4- 6 |  7- 9 || total
---------------------------+-------+-------+-------++-------
  Melee: War axe           |    19 |    12 |    30 ||    61
  Evoke: Wand              |     1 |       |       ||     1
    Use: Potion            |     3 |       |     2 ||     5
 Armour: Scale mail        |     2 |       |       ||     2
         Chain mail        |       |     1 |    16 ||    17
  Dodge: Dodged            |    11 |     6 |    11 ||    28
  Block: Buckler           |     3 |       |     8 ||    11
